 Dungeon Crawl Stone Soup version 0.13-a0-2531-g2ad9301 (webtiles) character file.

173 Rycklaryybbe the Vexing (level 3, 0/28 HPs)
             Began as a Demigod Arcane Marksman on July 26, 2013.
             Slain by a goblin (1 damage)
             ... on Level 2 of the Dungeon.
             The game lasted 00:06:38 (1634 turns).

Rycklaryybbe the Vexing (Demigod Arcane Marksman)   Turns: 1634, Time: 00:06:38

HP   0/28        AC  2     Str 16      XL: 3   Next: 45%
MP   7/7         EV 12     Int 17      God:
Gold 118         SH  0     Dex 15      Spells:  2 memorised,  1 level left

Res.Fire  : . . .   See Invis. : .   e - +1,+0 dwarf hand axe
Res.Cold  : . . .   Warding    : .   v - +0 robe
Life Prot.: . . .   Conserve   : .   (no shield)
Res.Poison: .       Res.Corr.  : .   (no helmet)
Res.Elec. : .       Clarity    : .   (no cloak)
Sust.Abil.: . .     Spirit.Shd : .   (no gloves)
Res.Mut.  : .       Stasis     : .   (no boots)
Res.Rott. : .       Flight     : .   (no amulet)
Saprovore : . . .                    (no ring)
                                     (no ring)

@: slightly resistant to hostile enchantments, unstealthy
A: no striking features
a: no special abilities


You were on level 2 of the Dungeon.
You were hungry.

You visited 1 branch of the dungeon, and saw 2 of its levels.

You collected 68 gold pieces.

Inventory:

Hand weapons
 b - a +0,+0 crossbow
 e - a +1,+0 dwarven hand axe (weapon)
Missiles
 c - 17 bolts
 k - 7 javelins (quivered)
Armour
 a - a +0 robe
 v - a +0 robe (worn)
Comestibles
 f - 4 bread rations
 o - 2 meat rations
 q - a pear
Scrolls
 i - a scroll of amnesia {unknown}
 j - a scroll of identify {unknown}
 l - a scroll of noise {unknown}
 p - 2 scrolls of magic mapping {unknown}
 u - 2 scrolls of remove curse {unknown}
Potions
 g - 3 potions of flight {unknown}
 h - a potion of slowing {unknown}
 m - a potion of restore abilities {unknown}
 n - 2 potions of resistance {unknown}
 r - a potion of agility {unknown}
 s - a potion of heal wounds {unknown}
 t - 2 potions of cure mutation
Books
 d - a book of Debilitation

   Spells                             Type                      Level
   *Corona                            Hexes                        1
   Slow                               Hexes                        2
   *Inner Flame                       Hexes/Fire                   3
   Enslavement                        Hexes                        4
   Cause Fear                         Hexes                        4
   Leda's Liquefaction                Hexes/Earth                  4


   Skills:
 - Level 0.8 Fighting
 - Level 1.7 Crossbows
 - Level 1.7 Dodging
 - Level 1.7 Spellcasting
 + Level 4.2 Hexes


You had one spell level left.
You knew the following spells:

 Your Spells              Type           Power        Failure   Level  Hunger
a - Corona                Hex            ###....      3%          1    #......
b - Inner Flame           Hex/Fire       #.......     24%         3    ####...


Dungeon Overview and Level Annotations

Branches:
Dungeon (2/27)


Message History

You barely miss the kobold.
The kobold is almost dead.
The kobold hits you.
* * * LOW HITPOINT WARNING * * *
The kobold barely misses you.
The goblin shoots a stone.
The stone misses you.
You see here 2 stones.
You closely miss the kobold.
The kobold is almost dead.
The goblin drinks a potion.
The goblin is healed!
The kobold hits you.
* * * LOW HITPOINT WARNING * * *
Drink which item? (? for menu, Esc to quit)
Okay, then.
Read which item? (? for menu, Esc to quit)
Okay, then.
Drink which item? (? for menu, Esc to quit)
It has a very clean taste.
It was a potion of cure mutation.
The kobold hits you but does no damage.
The goblin unwields an uncursed sling.
The goblin hits you.
You die...

...........#.........# ##..
...........#.........#####
###........#...............
#....###.#...............
...........#...............
...........#................
............................
......############.........
.....##.....(K@...(.......
....##......g........... .
#..........####....
........#...# ....
........#..... ..
.............. .............
............ .......


You could see a goblin and a kobold.

Vanquished Creatures
  Jessica (D:2)
  An adder (D:2)
  A giant gecko (D:2)
  2 oozes
  5 bats
  A giant cockroach (D:1)
  3 hobgoblins (D:1)
  2 giant newts
  5 goblins
  4 kobolds (D:1)
  2 rats (D:1)
27 creatures vanquished.

Notes
Turn   | Place    | Note
--------------------------------------------------------------
     0 | D:1      | Rycklaryybbe, the Demigod Arcane Marksman, began the quest for the Orb.
     0 | D:1      | Reached XP level 1. HP: 16/16 MP: 3/3
   362 | D:1      | Reached skill level 3 in Hexes
   492 | D:1      | Reached XP level 2. HP: 12/23 MP: 0/4
  1334 | D:2      | Noticed Jessica
  1341 | D:2      | Killed Jessica
  1341 | D:2      | Reached skill level 4 in Hexes
  1341 | D:2      | Reached XP level 3. HP: 20/28 MP: 5/7
  1436 | D:2      | Learned a level 3 spell: Inner Flame
  1633 | D:2      | HP: 1/28 [kobold (2)]
  1634 | D:2      | Slain by a goblin

Action                   || total
-------------------------++-------
Melee: Hand axe          ||    77
 Fire: Crossbow          ||    10
Throw: Javelin           ||     2
 Cast: Corona            ||    10
  Use: Potion            ||     1
 Stab: Distracted        ||     1
